 Dungeon Crawl Stone Soup version 0.26-a0-146-g24f6d39 (webtiles) character file.

Game seed: 3420821961469982232

2450 Moetronxx the Grappler (level 9, -2/92 HPs)
             Began as a Troll Berserker on June 29, 2020.
             Was an Elder of Trog.
             Slain by a hog (8 damage)
             ... on level 7 of the Dungeon.
             The game lasted 00:18:36 (5351 turns).

Moetronxx the Grappler (Troll Berserker)            Turns: 5351, Time: 00:18:36

Health: -2/92      AC:  7    Str: 30    XL:     9   Next: 25%
Magic:  8/8        EV: 12    Int:  3    God:    Trog [****..]
Gold:   291        SH:  0    Dex:  9    Spells: 8/8 levels left

rFire    . . .     SeeInvis .     - Unarmed
rCold    . . .     Faith    .   (no shield)
rNeg     . . .     Spirit   .   a - +0 animal skin
rPois    .         Reflect  .   (helmet restricted)
rElec    .         Harm     .   v - +0 cloak
rCorr    .                      (gloves unavailable)
MR       ++...                  (boots unavailable)
Stlth    +.........             (no amulet)
HPRegen  1.65/turn              (no ring)
MPRegen  0.11/turn              (no ring)

@: regenerating
A: large, unfitting armour, claws 3, horns 1, fast metabolism 3, gourmand,
regeneration 1, robust 1, shaggy fur 1, tough skin 3, wild magic 1
a: Berserk, Trog's Hand, Brothers in Arms, Renounce Religion


You were on level 7 of the Dungeon.
You worshipped Trog.
Trog was greatly pleased with you.
You were very full.

You visited 1 branch of the dungeon, and saw 7 of its levels.
You also visited: Sewer.

You collected 291 gold pieces.

Inventory:

Hand Weapons
 f - a +2 quarterstaff of chaos
 h - a +2 dagger of speed
Armour
 a - a +0 animal skin (worn)
 u - a scarf of resistance
 v - a +0 cloak (worn)
Wands
 m - a wand of polymorph (8)
 o - a wand of disintegration (16)
 r - a wand of random effects (10)
 t - a wand of iceblast (10)
Scrolls
 c - 2 scrolls of magic mapping {unknown}
 d - a scroll of fear {unknown}
 g - a scroll of random uselessness {unknown}
 i - 7 scrolls of teleportation
 p - 4 scrolls of identify {unknown}
 x - a scroll of remove curse {unknown}
Potions
 e - 7 potions of curing
 j - 4 potions of heal wounds
 k - a potion of cancellation {unknown}
 l - a potion of brilliance {unknown}
 n - a potion of stabbing
 q - a potion of flight
 s - 3 potions of berserk rage {unknown}
Comestibles
 b - 10 rations


   Skills:
 + Level 4.3 Fighting
 + Level 5.9 Dodging
 + Level 1.3 Stealth
 + Level 9.9 Unarmed Combat


You had 8 spell levels left.
You didn't know any spells.
Your spell library was empty.

Dungeon Overview and Level Annotations

Branches:
Dungeon (7/15)             Temple (0/1) D:6           Sewer (visited)

Altars:
Cheibriados
Elyvilon
Fedhas
Kikubaaqudgha
Makhleb
Okawaru
Qazlal
Uskayaw
Yredelemnul
The Shining One

Annotations:
D:5 Sigmund


Innate Abilities, Weirdness & Mutations

You are too large for most types of armour.
You have claws for hands.
Your metabolism is lightning-fast.
You like to eat raw meat.
Your natural rate of healing is unusually fast.
You are covered in fur. (AC +1)
You have extremely tough skin. (AC +3)
You have a pair of small horns on your head.
You are robust. (+10% HP)
Your spells are a little harder to cast, but a little more powerful.


Message History

You closely miss the hog.
The hog is heavily wounded.
The hog bites you. The hog closely misses you. The hog misses you.
You claw the hog! Your claw misses the hog.
The hog is almost dead.
The hog bites you. The hog bites you!
* * * LOW HITPOINT WARNING * * *
The hog barely misses you.
You claw the hog!
You kill the hog!
Trog accepts your kill. The hog misses you.
Your skin crawls.
You feel resistant to hostile enchantments.
You feel quite a bit less full. The hog barely misses you. The hog bites you!
* * * LOW HITPOINT WARNING * * *
The hog bites you but does no damage. The hog bites you!
* * * LOW HITPOINT WARNING * * *
The hog bites you!
You die...

###
##.#######
#..@hh.[%#
#..#h)..%#
#.####'###
#.##.....#
####.##.....#
#.....#######
# #......# #
#......# #
#....[.#####
#


You could see 3 hogs.

Vanquished Creatures
  A hippogriff (D:7)
  Eustachio (D:5)
  A hog (D:7)
  A human (D:7)
  Duvessa (D:5)
  2 sky beasts
  2 ogres
  A big kobold (Sewer)
  Blork the orc (D:4)
  3 bullfrogs
  A gnoll sergeant (D:7)
  A wyvern skeleton (D:7)
  Dowan (D:5)
  A bullfrog zombie (D:5)
  2 hounds (D:5)
  Crazy Yiuf (D:7)
  An orc priest (D:3)
  A gnoll shaman (D:6)
  3 bullfrog skeletons
  A centaur skeleton (D:4)
  Ijyb (D:4)
  3 iguanas
  5 worker ants
  2 hound skeletons
  A worker ant zombie (D:6)
  10 gnolls
  7 adders
  4 river rats
  An ooze (D:2)
  3 worms
  4 dart slugs (D:2)
  A leopard gecko (D:6)
  21 orcs
  7 bats
  10 giant cockroaches
  5 goblins
  12 hobgoblins
  11 jackals
  4 quokkas
  7 frilled lizards
  12 kobolds
  2 leopard gecko skeletons
  A leopard gecko zombie (D:6)
  A quokka skeleton (D:5)
  A quokka zombie (D:5)
  10 rats
  4 rat zombies (D:2)
177 creatures vanquished.

Vanquished Creatures (others)
  A giant cockroach (D:2)
1 creature vanquished.

Grand Total: 178 creatures vanquished

Notes
Turn   | Place    | Note
-------+----------+-------------------------------------------
     0 | D:1      | Moetronxx the Troll Berserker began the quest for the Orb.
     0 | D:1      | Reached XP level 1. HP: 22/22 MP: 0/0
   175 | D:1      | Gained mutation: You are weak. (Str -2) [potion of
                  | mutation]
   175 | D:1      | Gained mutation: You are clumsy. (Dex -2) [potion of
                  | mutation]
   175 | D:1      | Gained mutation: Your mind is acute. (Int +2) [potion of
                  | mutation]
   241 | D:1      | Reached XP level 2. HP: 29/29 MP: 1/1
   979 | D:2      | Reached XP level 3. HP: 36/36 MP: 2/2
  1093 | D:2      | Reached ** piety under Trog
  1160 | D:2      | Found a glowing golden altar of the Shining One.
  1167 | D:2      | Noticed an angel
  1177 | D:2      | Found a basalt altar of Yredelemnul.
  1180 | D:2      | Noticed a profane servitor
  1213 | D:2      | Reached XP level 4. HP: 44/44 MP: 3/3
  1391 | D:2      | Reached skill level 4 in Unarmed Combat
  1534 | D:2      | Found an ancient bone altar of Kikubaaqudgha.
  1885 | D:3      | Found a snail-covered altar of Cheibriados.
  2039 | D:3      | Reached *** piety under Trog
  2273 | D:3      | Reached XP level 5. HP: 53/53 MP: 4/4
  2398 | D:4      | Noticed Ijyb
  2409 | D:4      | Killed Ijyb
  2459 | D:4      | Reached skill level 5 in Unarmed Combat
  2554 | D:4      | Noticed Blork the orc
  2569 | D:4      | Killed Blork the orc
  2569 | D:4      | Reached XP level 6. HP: 61/61 MP: 5/5
  2594 | D:4      | Lost mutation: You are clumsy. (Dex -2) [potion of
                  | mutation]
  2594 | D:4      | Lost mutation: Your mind is acute. (Int +2) [potion of
                  | mutation]
  2594 | D:4      | Gained mutation: You have a pair of small horns on your
                  | head. [potion of mutation]
  2594 | D:4      | Lost mutation: You are weak. (Str -2) [potion of mutation]
  2594 | D:4      | Gained mutation: Your spells are a little harder to cast,
                  | but a little more powerful. [potion of mutation]
  2594 | D:4      | Gained mutation: You are robust. (+10% HP) [potion of
                  | mutation]
  2686 | D:4      | Found a stormy altar of Qazlal.
  2842 | D:4      | Reached skill level 6 in Unarmed Combat
  3057 | D:5      | Entered Level 5 of the Dungeon
  3082 | D:5      | Reached XP level 7. HP: 73/73 MP: 6/6
  3181 | D:5      | Noticed Sigmund
  3247 | D:6      | Found a staircase to the Ecumenical Temple.
  3547 | D:6      | Reached skill level 7 in Unarmed Combat
  3548 | D:6      | Reached **** piety under Trog
  3658 | D:6      | Found a glowing drain.
  3675 | Sewer    | Entered a sewer
  3741 | Sewer    | Reached XP level 8. HP: 83/83 MP: 7/7
  3768 | Sewer    | Found a white marble altar of Elyvilon.
  4212 | D:5      | Reached skill level 5 in Dodging
  4327 | D:5      | Noticed Eustachio
  4338 | D:5      | Killed Eustachio
  4338 | D:5      | Reached skill level 8 in Unarmed Combat
  4522 | D:5      | Noticed Duvessa
  4522 | D:5      | Noticed Dowan
  4530 | D:5      | Killed Dowan
  4535 | D:5      | Killed Duvessa
  4604 | D:5      | Reached skill level 1 in Stealth
  4685 | D:7      | Found an iron altar of Okawaru.
  4685 | D:7      | Found a blossoming altar of Fedhas.
  4685 | D:7      | Found a burning altar of Makhleb.
  4782 | D:7      | Reached skill level 9 in Unarmed Combat
  4860 | D:7      | Found a runed translucent door.
  4861 | D:7      | Noticed Crazy Yiuf
  4867 | D:7      | Killed Crazy Yiuf
  4951 | D:7      | Noticed a +0 dagger
  4952 | D:7      | Found a hide-covered altar of Uskayaw.
  4953 | D:7      | Noticed a +0 dagger
  5059 | D:7      | Reached XP level 9. HP: 56/92 MP: 8/8
  5070 | D:7      | Found a white marble altar of Elyvilon.
  5350 | D:7      | HP: 4/92 [hog (10)]
  5351 | D:7      | Slain by a hog

Illustrated notes

Levels and vault maps discovered:
D:1:      matt_arrival_refuge, layout_basic
D:2:      layout_loops_cross, grunt_temple_overflow_holy_war,
          lemuel_zombie_altar_kikubaaqudgha, first_ration, chequers_mini_garden
D:3:      layout_basic, old_standard_altar
D:4:      layout_loops_ring, kennysheep_little_box, uniq_ijyb,
          uniq_blork_the_orc
D:5:      layout_loops_ring, uniq_eustachio, uniq_duvessa, uniq_sigmund
D:6:      layout_rooms, gup_sewer_entry_bubbles, sigmund_army
D:7:      layout_rooms, elyvilon_altar_1, dancing_weapons_uskayaw,
          chequers_temple_overflow_statue_of_worship,
          minmay_misc_feat_secret_circle, grunt_livestock, chequers_arboretum,
          uniq_crazy_yiuf_cottage

Skill      XL: |  1  2  3  4  5  6  7  8 |
---------------+-------------------------+-----
Dodging        | 3 4 5 |  5.9
Fighting       | 3 4 |  4.3
Unarmed Combat | 4 5 6 7 9 |  9.9
Stealth        | 1 |  1.3

Action                   |  1- 3 |  4- 6 |  7- 9 || total
-------------------------+-------+-------+-------++-------
Melee: Unarmed           |    94 |   199 |   198 ||   491
       Punch             |       |     2 |     4 ||     6
       Headbutt          |       |     4 |    25 ||    29
Invok: Berserk           |     2 |     8 |    11 ||    21
       Trog's Hand       |       |       |     3 ||     3
  Use: Potion            |     4 |     2 |     2 ||     8
       Scroll            |       |       |     1 ||     1
  Eat: Chunk             |    18 |    24 |    32 ||    74
       Ration            |       |       |     1 ||     1
Armor: Animal skin       |    42 |    54 |    61 ||   157
Dodge: Dodged            |    58 |   121 |   127 ||   306

Table legend:
 A = Non-vault XP
 B = Vault XP
 C = Vault XP percentage of total XP
 D = Non-vault monster count
 E = Vault monster count
 F = Vault count percentage of total count
                 A         B        C        D         E       F
            +---------+---------+-------+---------+---------+-------
      Total |    2325 |    1175 |  33.6 |     148 |      29 |  16.4
            +---------+---------+-------+---------+---------+-------
        D:1 |      30 |       0 |   0.0 |      20 |       0 |   0.0
        D:2 |     108 |       4 |   3.6 |      33 |       4 |  10.8
        D:3 |     111 |       0 |   0.0 |      28 |       0 |   0.0
        D:4 |     319 |     132 |  29.3 |      15 |       2 |  11.8
        D:5 |     382 |     409 |  51.7 |      21 |       3 |  12.5
        D:6 |     500 |      56 |  10.1 |      17 |       9 |  34.6
        D:7 |     875 |     443 |  33.6 |      14 |       3 |  17.6
      Sewer |       0 |     131 | 100.0 |       0 |       8 | 100.0
            +---------+---------+-------+---------+---------+-------
